 Dungeon Sprint DCSS version 0.23-a0-419-g0174fd8 (webtiles) character file.

11870 rednecknazgul the Fencer (level 11, -2/65 HPs)
             Began as a Vine Stalker Gladiator on Nov 12, 2018.
             Was an Initiate of Gozag.
             Slain by a ghost moth (4 damage)
             ... in the Dungeon (Sprint VII: "The Pits").
             The game lasted 00:04:53 (1065 turns).

rednecknazgul the Fencer (Vine Stalker Gladiator)   Turns: 1065, Time: 00:04:54

Health: -2/65      AC: 19    Str: 25    XL:     11   Next: 84%
Magic:  0/12       EV: 24    Int:  8    God:    Gozag
Gold:   3577       SH:  0    Dex: 21    Spells: 10/10 levels left

rFire    . . .     SeeInvis .   t - +2 scimitar (flame)
rCold    . . .     Gourm    .   (no shield)
rNeg     . . .     Faith    .   l - +3 scale mail
rPois    .         Spirit   +   c - +0 helmet
rElec    .         Reflect  .   b - +0 cloak
rCorr    .         Harm     .   s - +0 pair of gloves
MR       +....     NoTele   +   (no boots)
Stlth    ++++++....             (no amulet)
HPRegen  0.60/turn              r - +3 ring of protection
MPRegen  0.13/turn              (no ring)

@: mighty, agile, lethally poisoned (-2 -> -44), gold aura
A: fangs 3, regeneration 1, magic shield, antimagic bite, no potion heal 3, rot
immunity
a: Potion Petition, Call Merchant, Bribe Branch, Renounce Religion


You were in the Dungeon.
You worshipped Gozag.
Gozag was most pleased with you.
You were not hungry.

You visited 1 branch You collected 5004 gold pieces.
You paid 1427 gold pieces to Gozag.

Inventory:

Hand Weapons
 t - a +2 scimitar of flaming (weapon)
Missiles
 d - 3 throwing nets (quivered)
Armour
 b - a +0 cloak (worn)
 c - a +0 helmet (worn)
 l - a +3 scale mail (worn)
 s - a +0 pair of gloves (worn)
Jewellery
 r - a +3 ring of protection (left hand)
Scrolls
 k - a scroll of blinking
 m - 3 scrolls of remove curse
 n - 5 scrolls of amnesia
 o - a scroll of summoning
Potions
 a - 2 potions of invisibility
 e - 7 potions of curing
 g - 8 potions of heal wounds
 h - 4 potions of haste
 i - 4 potions of magic
 j - 2 potions of berserk rage
 q - 2 potions of agility
Comestibles
 f - 8 rations


   Skills:
 + Level 11.2 Fighting
 * Level 15.2 Long Blades
 - Level 1.7 Throwing
 + Level 10.2 Armour
 + Level 10.4 Dodging
 + Level 14.9 Stealth


You had 10 spell levels left.
You didn't know any spells.
Your spell library was empty.

Dungeon Overview and Level Annotations

Branches:
Dungeon (1/1)

Altars:
Ashenzari
Cheibriados
Dithmenos
Elyvilon
Fedhas
Gozag
Hepliaklqana
Kikubaaqudgha
Makhleb
Nemelex Xobeh
Okawaru
Qazlal
Ru
Sif Muna
Trog
Uskayaw
Vehumet
Wu Jian
Xom
Yredelemnul
Zin
The Shining One
Beogh
Jiyva
Lugonu


Innate Abilities, Weirdness & Mutations

You have razor-sharp teeth.
Your natural rate of healing is unusually fast.
When hurt, damage is shared between your health and your magic reserves.
Your bite disrupts and absorbs the magic of your enemies.
Potions cannot restore your health.
You are immune to rotting.


Message History

Unknown command.
You hit the death yak but do no damage.
You bite the death yak, but do no damage.
The death yak is severely wounded.
You feel you are being watched by something.
You feel your power leaking away. Something barely misses you.
Something closely misses you. Something stings you.
* * * LOW HITPOINT WARNING * * *
You are lethally poisoned!
Something poisons you!
You slice the death yak!! You burn the death yak!
You kill the death yak!
* * * LOW HITPOINT WARNING * * *
You feel very sick. Something hits you!
* * * LOW HITPOINT WARNING * * *
Something hits you.
You die...
Your body crumbles into a pile of gold.

#### ###########
...###...##....##
#...#...##$.$..$#
##.....####....####
.##...##..##..##..##
..+...#.......((...#
..#...#....#..#....##+#
..+..()........$.$....#
..#(..#....#..#.@..##+#
..+...#........$...#
.##...##..##..##..##
##..)..####....#### $
#...#...##......# $
...###...##. .## ####
###### ##


There were no monsters in sight!

Vanquished Creatures
  Aizul (D)
  Erolcha (D)
  A death yak (D)
  Urug (D)
  A shadow wraith (D)
  2 unseen horrors (D)
  A lindwurm (D)
  A phantasmal warrior (D)
  A deep elf mage (D)
  An elephant (D)
  A smoke demon (D)
  A molten gargoyle (D)
  2 hellwings (D)
  A freezing wraith (D)
  A kobold demonologist (D)
  2 jumping spiders (D)
  A komodo dragon (D)
  A tyrant leech (D)
  A red devil (D)
  5 dream sheep (D)
  3 yaks (D)
  Grum (D)
  Edmund (D)
  A floating eye (D)
  2 sky beasts (D)
  A swamp drake (D)
  A black bear (D)
  A centaur (D)
  6 wolves (D)
  3 wights (D)
  A crimson imp (D)
  A jelly (D)
  A hell rat (D)
  2 gnolls (D)
  A river rat (D)
  4 oozes (D)
  2 leopard geckos (D)
  3 orcs (D)
  2 giant cockroaches (D)
  A kobold (D)
  A quokka (D)
  A bat simulacrum (D)
  A leopard gecko skeleton (D)
  A leopard gecko zombie (D)
  3 rats (D)
72 creatures vanquished.

Vanquished Creatures (others)
  An unseen horror (D)
  A white imp (D)
2 creatures vanquished.

Grand Total: 74 creatures vanquished

Notes
Turn   | Place    | Note
-------+----------+-------------------------------------------
     0 | D        | rednecknazgul the Vine Stalker Gladiator began the quest
                  | for the Orb.
     0 | D        | Reached XP level 1. HP: 11/11 MP: 2/2
    15 | D        | Reached skill level 3 in Long Blades
    15 | D        | Reached skill level 1 in Stealth
    45 | D        | Found a bloodstained altar of Trog.
    45 | D        | Found a deep blue altar of Sif Muna.
    45 | D        | Found a viscous altar of Jiyva.
    45 | D        | Found a hazy altar of Hepliaklqana.
    45 | D        | Found an opulent altar of Gozag.
    46 | D        | Found a glowing golden altar of the Shining One.
    46 | D        | Found a glowing silver altar of Zin.
    46 | D        | Found a basalt altar of Yredelemnul.
    46 | D        | Found a shimmering altar of Xom.
    46 | D        | Found an ornate altar of the Wu Jian Council.
    46 | D        | Found a sacrificial altar of Ru.
    46 | D        | Found a stormy altar of Qazlal.
    46 | D        | Found an iron altar of Okawaru.
    46 | D        | Found a sparkling altar of Nemelex Xobeh.
    46 | D        | Found a burning altar of Makhleb.
    46 | D        | Found a blossoming altar of Fedhas.
    46 | D        | Found a white marble altar of Elyvilon.
    46 | D        | Found a shadowy altar of Dithmenos.
    46 | D        | Found a snail-covered altar of Cheibriados.
    47 | D        | Found a radiant altar of Vehumet.
    47 | D        | Found a corrupted altar of Lugonu.
    47 | D        | Found a roughly hewn altar of Beogh.
    48 | D        | Found an ancient bone altar of Kikubaaqudgha.
    48 | D        | Found a hide-covered altar of Uskayaw.
    48 | D        | Found a shattered altar of Ashenzari.
    50 | D        | Became a worshipper of Gozag Ym Sagoz the Greedy
    64 | D        | Noticed a floating eye
    68 | D        | Paralysed by a floating eye for 2 turns
    71 | D        | Killed a floating eye
    71 | D        | Reached skill level 5 in Long Blades
    71 | D        | Reached XP level 2. HP: 3/17 MP: 3/3
    71 | D        | Reached XP level 3. HP: 4/21 MP: 4/4
    71 | D        | Gained mutation: Your natural rate of healing is unusually
                  | fast. [Vine Stalker growth]
    71 | D        | Reached XP level 4. HP: 4/25 MP: 5/5
    72 | D        | Reached XP level 5. HP: 6/29 MP: 6/6
   131 | D        | Reached skill level 6 in Long Blades
   204 | D        | Noticed a centaur
   207 | D        | Reached skill level 5 in Stealth
   210 | D        | Killed a centaur
   218 | D        | Reached skill level 7 in Long Blades
   218 | D        | Reached XP level 6. HP: 19/35 MP: 2/7
   251 | D        | Noticed a deep elf mage
   259 | D        | Killed a deep elf mage
   259 | D        | Reached skill level 9 in Long Blades
   259 | D        | Reached skill level 5 in Armour
   259 | D        | Reached skill level 5 in Dodging
   259 | D        | Reached XP level 7. HP: 21/40 MP: 2/8
   391 | D        | Gained mutation: You have razor-sharp teeth. [Vine Stalker
                  | growth]
   391 | D        | Reached XP level 8. HP: 39/45 MP: 9/9
   401 | D        | Noticed Grum
   401 | D        | Noticed a molten gargoyle
   412 | D        | Killed a molten gargoyle
   412 | D        | Reached skill level 10 in Long Blades
   418 | D        | Killed Grum
   419 | D        | Reached skill level 10 in Stealth
   650 | D        | Noticed a tyrant leech
   651 | D        | Noticed a hellwing
   666 | D        | Killed a tyrant leech
   666 | D        | Reached XP level 9. HP: 29/51 MP: 8/10
   684 | D        | Killed a hellwing
   684 | D        | Reached skill level 11 in Long Blades
   719 | D        | Noticed Erolcha
   734 | D        | Killed Erolcha
   747 | D        | Noticed a smoke demon
   751 | D        | Killed an unseen horror
   751 | D        | Reached skill level 12 in Long Blades
   764 | D        | Killed a smoke demon
   779 | D        | Noticed a jumping spider
   784 | D        | Killed a jumping spider
   784 | D        | Reached XP level 10. HP: 54/58 MP: 11/11
   831 | D        | Noticed an elephant
   850 | D        | Killed an elephant
   852 | D        | Reached skill level 13 in Long Blades
   860 | D        | Killed an unseen horror
   900 | D        | Noticed Aizul
   919 | D        | Killed Aizul
   919 | D        | Reached skill level 10 in Fighting
   919 | D        | Reached XP level 11. HP: 38/63 MP: 12/12
   923 | D        | Reached skill level 14 in Long Blades
   958 | D        | Killed a shadow wraith
   985 | D        | Noticed a phantasmal warrior
   994 | D        | Killed a phantasmal warrior
  1024 | D        | Killed an unseen horror
  1024 | D        | Reached skill level 10 in Dodging
  1032 | D        | Noticed Urug
  1041 | D        | Noticed Edmund
  1041 | D        | Noticed a death yak
  1041 | D        | Noticed a lindwurm
  1047 | D        | Killed Edmund
  1060 | D        | Killed Urug
  1060 | D        | Reached skill level 15 in Long Blades
  1060 | D        | Reached skill level 10 in Armour
  1061 | D        | Killed a lindwurm
  1065 | D        | Killed a death yak
  1065 | D        | HP: 2/65 [something (12)]
  1065 | D        | Slain by a ghost moth

Vault maps used:
D:        pitsprint

Skill      XL: |  1  2  3  4  5  6  7  8  9 10 11 |
---------------+----------------------------------+-----
Fighting       | 3 4 6 7 9 10 11 | 11.2
Long Blades    | 5 7 9 10 12 13 15 | 15.2
Stealth        | 4 6 8 10 11 13 14 | 14.9
Armour         | 2 4 5 6 7 9 10 | 10.2
Dodging        | 3 4 5 6 7 8 9 10 | 10.4
Throwing       | |  1.7

Action                   |  1- 3 |  4- 6 |  7- 9 | 10-12 || total
-------------------------+-------+-------+-------+-------++-------
Melee: Falchion          |     6 |    12 |       |       ||    18
       Long sword        |     5 |    19 |    32 |       ||    56
       Bite              |     4 |    15 |    34 |    59 ||   112
       Scimitar          |       |       |    61 |   115 ||   176
Invok: Potion Petition   |       |       |     2 |     3 ||     5
  Use: Potion            |       |       |     1 |     2 ||     3
 Stab: Sleeping          |       |       |     4 |     5 ||     9
       Distracted        |       |       |     1 |     1 ||     2
  Eat: Ration            |       |       |       |     1 ||     1
Armor: Leather armour    |     3 |     1 |       |       ||     4
       Scale mail        |       |     5 |    34 |    34 ||    73
Dodge: Dodged            |     6 |    20 |    58 |    65 ||   149
       Rpst.: Long sword |       |     7 |     7 |       ||    14
       Falchion          |       |     1 |       |       ||     1
       Scimitar          |       |       |     6 |    13 ||    19

Table legend:
 A = Non-vault XP
 B = Vault XP
 C = Vault XP percentage of total XP
 D = Non-vault monster count
 E = Vault monster count
 F = Vault count percentage of total count
                 A         B        C        D         E       F
            +---------+---------+-------+---------+---------+-------
      Total |       0 |   16958 | 100.0 |       0 |      74 | 100.0
            +---------+---------+-------+---------+---------+-------
          D |       0 |   16958 | 100.0 |       0 |      74 | 100.0
            +---------+---------+-------+---------+---------+-------
